 Dungeon Crawl Stone Soup version 0.28-a0-247-gb8bfbab023 (webtiles) character file.

Game seed: 5239279387590283918

18112 skittles the Bludgeoner (level 12, -6/108 HPs)
             Began as a Minotaur Monk on Aug 23, 2021.
             Was the Champion of Cheibriados.
             Mangled by a catoblepas (18 damage)
             ... on level 3 of the Lair of Beasts on Aug 25, 2021.
             The game lasted 00:27:10 (12326 turns).

skittles the Bludgeoner (Minotaur Monk)            Turns: 12326, Time: 00:27:11

Health: -6/108     AC: 24    Str: 35    XL:     12   Next: 24%
Magic:  23/23      EV: 16    Int: 27    God:    Cheibriados [******]
Gold:   638        SH:  0    Dex: 27    Spells: 11/11 levels left

rFire   . . .      SeeInvis .   I - +1 morningstar
rCold   . . .      Faith    +   (no shield)
rNeg    . . .      Spirit   .   M - +0 plate armour
rPois   +          Reflect  .   T - +3 hat of Pondering {ponderous, Will+ MP+10 Int+5}
rElec   .          Harm     .   k - +0 cloak
rCorr   .          Rampage  .   l - +2 pair of gloves
Will    +....                   n - +0 pair of boots
Stlth   ..........              s - amulet of faith
HPRegen 0.28/turn               J - ring of poison resistance
MPRegen 0.18/turn               C - ring of flight

@: flying, very slow
A: horns 2, retaliatory headbutt, weak 1, no potion heal 1
a: Renounce Religion, Bend Time, Temporal Distortion, Slouch, Step From Time


You were on level 3 of the Lair of Beasts.
You worshipped Cheibriados.
Cheibriados was exalted by your worship.
You visited 2 branches of the dungeon, and saw 11 of its levels.

You collected 638 gold pieces.

Inventory:

Hand Weapons
 w - a +2 vampiric trident
 F - the +6 glaive "Lezofu" {freeze, rF+ Int+3}
   (You found it on level 3 of the Lair of Beasts)

   It freezes those it strikes, dealing additional cold damage.
   It can also slow down cold-blooded creatures.
   Int:       It affects your intelligence (+3).
   rF:        It protects you from fire.
 I - a +1 morningstar (weapon)
 K - a +0 hunting sling
 N - a +2 short sword of electrocution
 O - a +0 vorpal war axe
 W - a +0 shortbow of freezing
Missiles
 c - 6 javelins (quivered)
 h - 2 throwing nets
 q - 8 poisoned darts
 E - 208 stones
 L - 37 sling bullets
 S - 110 arrows
Armour
 b - a +0 robe
 f - a +0 scale mail
 j - a +0 scale mail
 k - a +0 cloak (worn)
 l - a +2 pair of gloves (worn)
 n - a +0 pair of boots (worn)
 t - a +1 chain mail
 u - a +3 leather armour of willpower
 M - a +0 plate armour (worn)
 P - a +0 troll leather armour
 T - the +3 hat of Pondering (worn) {ponderous, Will+ MP+10 Int+5}
   (You took it off Gastronok on level 8 of the Dungeon)

   Int:       It affects your intelligence (+5).
   MP:        It affects your magic capacity (+10).
   Will:      It increases your willpower.
Jewellery
 i - a ring of fire
 s - an amulet of faith (around neck)
 C - a ring of flight (right hand)
 J - a ring of poison resistance (left hand)
 V - the ring of the Hare {EV+8}
   (You found it on level 1 of the Lair of Beasts)

   [ring of evasion]

   EV:        It affects your evasion (+8).
 Y - a ring of see invisible
Wands
 a - a wand of acid (27)
 p - a wand of charming (8)
 r - a wand of flame (27)
 D - a wand of iceblast (13)
Scrolls
 d - 6 scrolls of fog
 g - 2 scrolls of silence
 H - 4 scrolls of teleportation
 U - a scroll of fear
Potions
 e - a potion of cancellation
 m - 3 potions of flight
 o - a potion of curing
 v - 2 potions of attraction
 z - a potion of berserk rage
 A - a potion of heal wounds
 B - a potion of degeneration
 Z - a potion of might
Miscellaneous
 X - a phial of floods


   Skills:
 - Level 10.9 Fighting
 * Level 15.0 Maces & Flails
 * Level 0.0 Bows
 - Level 4.4 Throwing
 - Level 10.2 Armour
 + Level 9.4 Dodging
 - Level 1.5 Stealth
 - Level 3.6 Invocations


You had 11 spell levels left.
You didn't know any spells.
Your spell library contained the following spells:

 Spells                   Type           Power      Damage    Failure   Level
 Corpse Rot               Necr/Air       N/A        N/A       67%         2
 Poisonous Vapours        Pois/Air       0%         N/A       67%         2
 Summon Ice Beast         Ice/Summ       0%         N/A       99%         4
 Blade Hands              Tmut           0%         N/A       100%        5
 Freezing Cloud           Conj/Ice/Air   0%         6-21      100%        5
 Irradiate                Conj/Tmut      0%         3d14      100%        5
 Summon Mana Viper        Hex/Summ       0%         N/A       100%        5
 Dragon Form              Tmut           0%         N/A       100%        7
 Monstrous Menagerie      Summ           0%         N/A       100%        7


Dungeon Overview and Level Annotations

Branches:
Dungeon (8/15)             Temple (0/1) D:4            Lair (3/6) D:8
 Shoals (0/4) Lair:2       Spider (0/4) Lair:3

Altars:
Ashenzari
Cheibriados
Dithmenos
Kikubaaqudgha
Nemelex Xobeh
Okawaru
Ru
Vehumet
Wu Jian
Zin
The Shining One
Beogh

Shops:
D:3 *

Annotations:
D:6 2 transporters, timneilson's ghost, novice GrFi
Lair:1 exclusion: oklob plant


Innate Abilities, Weirdness & Mutations

You have a pair of horns on your head.
You reflexively headbutt those who attack you in melee.
You are weak. (Str -2)
Potions are less effective at restoring your health.


Message History

You feel much better.
You are engulfed in calcifying dust.
You are slowing down.
The catoblepas breathes a plume of calcifying dust at you.
The blast of calcifying dust hits you but does no damage.
Your system partially rejects the healing.
You feel much better.
You are engulfed in calcifying dust.
Your limbs have turned to stone.
The catoblepas gores you. The catoblepas gores you!
* * * LOW HITPOINT WARNING * * *
You have turned to stone.
You are engulfed in calcifying dust.
The catoblepas gores you!!
* * * LOW HITPOINT WARNING * * *
The catoblepas gores you.
The catoblepas gores you but does no damage.
The catoblepas breathes a plume of calcifying dust at you.
The blast of calcifying dust hits you but does no damage.
You are engulfed in calcifying dust.
The catoblepas gores you!
* * * LOW HITPOINT WARNING * * *
You are engulfed in calcifying dust.
The scorpion is no longer petrified.
The scorpion stings you but does no damage.
The catoblepas gores you!
* * * LOW HITPOINT WARNING * * *
You turn to flesh and can move again.
The scorpion barely misses you. You furiously retaliate!
You headbutt the scorpion. The scorpion closely misses you.
You furiously retaliate!
You headbutt the scorpion, but do no damage.
The catoblepas gores you but does no damage.
The scorpion misses you. You furiously retaliate!
You headbutt the scorpion, but do no damage.
The catoblepas completely misses you. You furiously retaliate!
You headbutt the catoblepas! You barely miss the catoblepas.
You headbutt the catoblepas.
The catoblepas is moderately wounded.
The scorpion misses you. You furiously retaliate!
You headbutt the scorpion.
Unknown command.
You hit the catoblepas. You headbutt the catoblepas.
The catoblepas is moderately wounded.
The catoblepas gores you!!
You die...

........=....
............
..)........
#.....>....
#..........
#####..........
###.#.##.........
#####.^##.#.sY.......
#P..#^^.^#...@.......
#.....#.^^^ยง.#......#
#.^.#.##.^..######.##
##..###.####.^# #
#....#.^>.#^^.#
##.^##.###.^#^#
##..###...^^.^.
#.......#^^#.#.#
##....^^^#.# .#


You could see a catoblepas and a scorpion.

Vanquished Creatures
  Gastronok (D:8)
  3 hydras
  A boulder beetle (Lair:2)
  Maurice (D:8)
  Joseph (D:8)
  A black mamba (Lair:2)
  2 torpor snails (Lair:3)
  7 cane toads
  5 komodo dragons
  A rime drake (Lair:3)
  2 trolls (D:8)
  A hornet (D:7)
  4 blink frogs (Lair:1)
  A redback (Lair:3)
  3 wyverns
  3 fire bats (Lair:2)
  7 yaks (Lair:3)
  Grum (D:8)
  A warg (Lair:1)
  Duvessa (D:4)
  2 water moccasins
  A hornet zombie (D:6)
  4 orc warriors
  A black bear (D:8)
  A necrophage (D:4)
  A sky beast (D:8)
  14 wolves
  2 ogres
  4 centaurs
  3 phantoms (D:5)
  2 kobold brigands (D:8)
  A gnoll sergeant (D:7)
  4 bullfrogs
  3 scorpions
  Dowan (D:4)
  2 wyvern skeletons
  5 killer bees (D:8)
  2 howler monkeys
  4 centaur skeletons
  6 hounds
  4 orc priests
  3 jellies
  Jessica (D:3)
  3 iguanas (D:5)
  7 orc wizards
  A hound skeleton (D:5)
  Robin (D:3)
  3 gnolls (D:7)
  7 adders
  2 ufetubi
  An adder skeleton (D:4)
  A worm (D:3)
  2 dart slugs
  35 orcs
  An endoplasm (D:2)
  3 giant cockroaches
  19 hobgoblins
  8 jackals
  10 kobolds
  7 ball pythons
  6 bats
  2 frilled lizards
  14 goblins
  6 rats
257 creatures vanquished.

Vanquished Creatures (others)
  7 fungi
  83 plants
90 creatures vanquished.

Grand Total: 347 creatures vanquished

Notes
Turn   | Place    | Note
-------+----------+-------------------------------------------
     0 | D:1      | skittles the Minotaur Monk began the quest for the Orb.
     0 | D:1      | Reached XP level 1. HP: 19/19 MP: 0/0
   138 | D:1      | Reached XP level 2. HP: 21/27 MP: 1/1
   215 | D:1      | Reached skill level 4 in Maces & Flails
   309 | D:1      | Found a faded altar of an unknown god.
   330 | D:1      | Became a worshipper of Cheibriados the Contemplative
   330 | D:1      | Reached * piety under Cheibriados
   330 | D:1      | Reached ** piety under Cheibriados
   618 | D:1      | Reached *** piety under Cheibriados
   776 | D:2      | Reached XP level 3. HP: 33/33 MP: 2/2
  1445 | D:3      | Noticed a bullfrog
  1451 | D:3      | Killed a bullfrog
  1452 | D:3      | Reached skill level 5 in Fighting
  1452 | D:3      | Reached skill level 5 in Maces & Flails
  1452 | D:3      | Reached XP level 4. HP: 27/42 MP: 3/3
  1703 | D:3      | Noticed Jessica
  1712 | D:3      | Killed Jessica
  1713 | D:3      | Reached XP level 5. HP: 48/48 MP: 4/4
  1759 | D:3      | Reached **** piety under Cheibriados
  1859 | D:3      | Noticed Robin
  1867 | D:3      | Found Lyll's Assorted Antiques.
  1870 | D:3      | Killed Robin
  2673 | D:4      | Reached skill level 1 in Armour
  2698 | D:4      | Noticed a necrophage
  2704 | D:4      | Killed a necrophage
  2705 | D:4      | Reached skill level 6 in Maces & Flails
  2705 | D:4      | Reached XP level 6. HP: 56/57 MP: 5/5
  2848 | D:4      | Found a staircase to the Ecumenical Temple.
  2960 | D:4      | Noticed Dowan
  2962 | D:4      | Noticed Duvessa
  2970 | D:4      | Killed Duvessa
  2974 | D:4      | Killed Dowan
  3167 | D:5      | Entered Level 5 of the Dungeon
  3205 | D:5      | Reached XP level 7. HP: 61/63 MP: 6/6
  3210 | D:5      | Reached ***** piety under Cheibriados
  3211 | D:5      | Reached skill level 7 in Maces & Flails
  3270 | D:5      | Found a radiant altar of Vehumet.
  3943 | D:5      | Reached skill level 5 in Armour
  3955 | D:5      | Reached skill level 8 in Maces & Flails
  3955 | D:5      | Reached XP level 8. HP: 62/71 MP: 7/7
  4359 | D:6      | Found a glowing golden altar of the Shining One.
  4381 | D:6      | Reached skill level 1 in Throwing
  4537 | D:6      | Found an ornate altar of the Wu Jian Council.
  4651 | D:6      | Reached skill level 9 in Maces & Flails
  4855 | D:6      | Found a transporter.
  4855 | D:6      | Noticed timneilson's ghost (novice GrFi)
  4855 | D:6      | Noticed a hornet
  4855 | D:6      | Noticed a queen bee
  4882 | D:6      | Found a transporter.
  5431 | D:7      | Reached ****** piety under Cheibriados
  5501 | D:7      | Reached XP level 9. HP: 80/81 MP: 8/8
  5879 | D:7      | Reached skill level 10 in Maces & Flails
  6232 | D:7      | Found a sacrificial altar of Ru.
  6339 | D:7      | Found a snail-covered altar of Cheibriados.
  6344 | D:7      | Found a sparkling altar of Nemelex Xobeh.
  6345 | D:7      | Found a shadowy altar of Dithmenos.
  6352 | D:7      | Found an iron altar of Okawaru.
  6352 | D:7      | Found a broken altar of Ashenzari.
  6507 | D:8      | Noticed Grum
  6519 | D:8      | Killed Grum
  6520 | D:8      | Reached skill level 5 in Dodging
  6672 | D:8      | Noticed Joseph
  6678 | D:8      | Killed Joseph
  6679 | D:8      | Reached skill level 11 in Maces & Flails
  7082 | D:8      | Noticed Maurice
  7090 | D:8      | HP: 3/83 [something (10)]
  7099 | D:8      | Killed Maurice
  7100 | D:8      | Reached XP level 10. HP: 23/91 MP: 9/9
  7479 | D:8      | Found a glowing silver altar of Zin.
  7772 | D:8      | Noticed Gastronok
  7774 | D:8      | Found an ancient bone altar of Kikubaaqudgha.
  7791 | D:8      | Killed Gastronok
  7792 | D:8      | Reached skill level 12 in Maces & Flails
  8042 | D:8      | Reached skill level 10 in Fighting
  8278 | D:8      | Found a staircase to the Lair.
  8655 | D:8      | Upgraded the game from 0.28-a0-233-gb8ca4b6547 to
                  | 0.28-a0-239-g68911e0c57
  8664 | Lair:1   | Entered Level 1 of the Lair of Beasts
  8730 | Lair:1   | Noticed a cane toad
  8735 | Lair:1   | Killed a cane toad
  8828 | Lair:1   | Noticed a cane toad
  8831 | Lair:1   | Killed a cane toad
  8833 | Lair:1   | Reached XP level 11. HP: 87/100 MP: 10/10
  8835 | Lair:1   | Reached skill level 13 in Maces & Flails
  8957 | Lair:1   | Found the ring of the Hare {EV+8}
  8960 | Lair:1   | Noticed an oklob plant
  9443 | Lair:1   | Noticed a five-headed hydra
  9451 | Lair:1   | Killed a five-headed hydra
  9848 | Lair:1   | Gained mutation: You are weak. (Str -2) [potion of
                  | mutation]
  9848 | Lair:1   | Gained mutation: Potions are less effective at restoring
                  | your health. [potion of mutation]
 10227 | Lair:2   | Found a staircase to the Shoals.
 10232 | Lair:2   | Reached skill level 14 in Maces & Flails
 10422 | Lair:2   | Reached skill level 1 in Invocations
 10626 | Lair:2   | Noticed a boulder beetle
 10641 | Lair:2   | Killed a boulder beetle
 10901 | Lair:2   | Noticed a four-headed hydra
 10907 | Lair:2   | Killed a four-headed hydra
 11235 | Lair:2   | Upgraded the game from 0.28-a0-239-g68911e0c57 to
                  | 0.28-a0-247-gb8bfbab023
 11368 | Lair:3   | Found a runed translucent door.
 11399 | Lair:3   | Noticed an eight-headed hydra
 11404 | Lair:3   | Killed an eight-headed hydra
 11405 | Lair:3   | Reached XP level 12. HP: 50/108 MP: 13/13
 11415 | Lair:3   | Identified the +6 glaive "Lezofu" {freeze, rF+ Int+3}
 11764 | Lair:3   | Reached skill level 10 in Armour
 12107 | Lair:3   | Reached skill level 15 in Maces & Flails
 12252 | Lair:3   | Found a hole to the Spider Nest.
 12275 | Lair:3   | Noticed a catoblepas
 12326 | Lair:3   | Mangled by a catoblepas

Illustrated notes

Levels and vault maps discovered:
D:1:      lemuel_arrival_hallway, layout_rooms,
          shapermc_ecumenical_altar_starsandcircs
D:2:      layout_rooms
D:3:      layout_loops_ring, serial_shops, nicolae_shop_crystal, uniq_robin,
          uniq_jessica
D:4:      layout_gridville, minmay_temple_entry_drinking_statues,
          minmay_misc_feat_columns, uniq_duvessa
D:5:      minmay_diamond_boxcup, layout_basic, vehumet_crystals
D:6:      layout_loops_ring, mainiacjoe_overflow_alcove_4,
          overflow_temple_1_default, gammafunk_ghost_hive
D:7:      wad_woods_pond, layout_loops_ring, minitemple,
          mainiacjoe_overflow_catwalk
D:8:      layout_loops_ring, kiku_gazebo_pond_becter, zin_statuary,
          david_lair_shrubbed, special_room [special_room_orc],
          minmay_checkerbox, uniq_joseph, uniq_gastronok, uniq_grum,
          uniq_maurice
Lair:1:   beast_lair_carwin_large_1, layout_regular_city,
          minmay_lair_oklob_chamber
Lair:2:   layout_small_grid, minmay_shoals_entry_centaurs,
          nicolae_volcano_entry_batcave, grunt_megastairs_3, lemuel_fruit_tree,
          infiniplex_staircase_pool, serial_bayou_shore_b
Lair:3:   layout_cave_pods, spider_nest_entry_rubble, pf_torpor_hydra

Skill      XL: |  1  2  3  4  5  6  7  8  9 10 11 12 |
---------------+-------------------------------------+-----
Fighting       | 4 5 6 7 9 10 | 10.9
Maces & Flails | 4 5 6 8 9 11 12 14 15 | 15.0
Dodging        | 4 6 9 |  9.4
Armour         | 2 3 5 6 9 10 | 10.2
Throwing       | 3 4 |  4.4
Invocations    | 2 3 |  3.6
Stealth        | |  1.5

Action                   |  1- 3 |  4- 6 |  7- 9 | 10-12 || total
-------------------------+-------+-------+-------+-------++-------
Melee: Mace              |    68 |    87 |   123 |       ||   278
       Headbutt          |    14 |    31 |    71 |    70 ||   186
       Morningstar       |       |       |    46 |   187 ||   233
       Flail             |       |       |    22 |       ||    22
Throw: Javelin           |       |       |       |     4 ||     4
  Use: Scroll            |       |     6 |    10 |     5 ||    21
       Potion            |       |       |     7 |    10 ||    17
Armor: Robe              |     7 |       |       |       ||     7
       Scale mail        |    12 |    47 |       |       ||    59
       Chain mail        |       |     9 |    99 |       ||   108
       Plate armour      |       |       |     9 |   164 ||   173
Dodge: Dodged            |    64 |    68 |   148 |   279 ||   559

Table legend: (Time is in decaauts)
 A = Elapsed time spent in this place.
 B = Non-inter-level travel time spent in this place.
 C = Inter-level travel time spent in this place.
 D = Time resting spent in this place.
 E = Time spent auto-exploring this place.
 F = Levels seen in this place.
 G = Mean time per level.
                   A        B        C        D        E       F      G
               +--------+--------+--------+--------+--------+-----+--------+
         Total |  18507 |  18093 |    414 |   2706 |  12691 |  11 | 1682.5 |
       Dungeon |  12580 |  12275 |    305 |   2087 |   8340 |   8 | 1572.5 |
          Lair |   5926 |   5817 |    109 |    619 |   4351 |   3 | 1975.3 |
               +--------+--------+--------+--------+--------+-----+--------+

Top non-repeatable levels by time:
     D:8: 2987 daAuts
  Lair:2: 2327 daAuts
     D:7: 2010 daAuts
  Lair:1: 2003 daAuts
     D:5: 1683 daAuts
     D:3: 1645 daAuts
  Lair:3: 1595 daAuts
     D:6: 1543 daAuts
     D:4: 1011 daAuts
     D:1: 887 daAuts
     D:2: 811 daAuts
